 Dungeon Crawl Stone Soup version 0.30-b1-2-g02819fbbbe (webtiles) character file.

Game seed: 9956231541744718855

48 GrindonB the Sneak (level 3, -3/22 HPs)
             Began as an Octopode Venom Mage on May 27, 2023.
             Was a Believer of Zin.
             Slain by a gnoll
             ... wielding a +0 spear
              (7 damage)
             ... on level 3 of the Dungeon.
             The game lasted 00:18:19 (2193 turns).

GrindonB the Sneak (Octopode Venom Mage)            Turns: 2193, Time: 00:18:20

Health: -3/22      AC:  1    Str:  7    XL:     3   Next: 72%
Magic:  6/6        EV:  7    Int: 17    God:    Zin [**....]
Gold:   103        SH:  0    Dex: 14    Spells: 5/6 levels left

rFire   + . .        g - +0 short sword (flame)
rCold   . . .        (no shield)
rNeg    . . .        (helmet restricted)
rPois   +            (no amulet)
rElec   .            b - ring of poison resistance
rCorr   +            f - ring of resist corrosion
SInv    .            l - ring of protection from fire
Will    .....        p - ring of flight
Stlth   ++++         (no ring)
HPRegen 0.23/turn    (no ring)
MPRegen 0.10/turn    (no ring)
                     (no ring)

%: no passive effects
@: flying, held
A: almost no armour, amphibious, 8 rings, camouflage 1, gelatinous body 1,
(nimble swimmer 1), tentacles
a: Renounce Religion, Recite, Vitalisation, Donate Gold


You were on level 3 of the Dungeon.
You worshipped Zin.
Zin was pleased with you.
You visited 1 branch of the dungeon, and saw 3 of its levels.

You collected 114 gold pieces.
You donated 11 gold pieces to Zin.

Inventory:

Hand Weapons
 d - a +0 whip
 g - a +0 short sword of flaming (weapon)
 h - a +0 short sword
Missiles
 k - 2 silver boomerangs (quivered)
Magical Staves
 q - a staff of fire
Jewellery
 b - a ring of poison resistance (left tentacle)
 f - a ring of resist corrosion (right tentacle)
 l - a ring of protection from fire (on tentacle)
 p - a ring of flight (on tentacle)
Wands
 s - a wand of polymorph (9)
Scrolls
 i - 2 scrolls of enchant armour {unknown}
 j - 2 scrolls of noise {unknown}
 m - 2 scrolls of blinking {unknown}
 n - a scroll of enchant weapon {unknown}
 o - a scroll of teleportation {unknown}
Potions
 a - a potion of magic
 t - a potion of curing {unknown}


   Skills:
 + Level 0.5 Fighting
 + Level 0.6 Short Blades
 + Level 2.3 Dodging
 + Level 4.0 Stealth
 + Level 0.1 Unarmed Combat
 + Level 2.2 Spellcasting
 + Level 1.2 Transmutations
 + Level 3.9 Poison Magic


You had 5 spell levels left.
You knew the following spells:

 Your Spells              Type           Power      Damage    Failure   Level
a - Sting                 Tmut/Pois      40%        1d5       7%          1

Your spell library contained the following spells:

 Spells                   Type           Power      Damage    Failure   Level
 Poisonous Vapours        Pois/Air       16%        N/A       13%         2
 Mephitic Cloud           Conj/Pois/Air  6%         N/A       32%         3
 Olgreb's Toxic Radiance  Pois           15%        N/A       36%         4
 Stone Arrow              Conj/Erth      2%         3d7       50%         3
 Lehudib's Crystal Spear  Conj/Erth      0%         10d2      100%        8
 Animate Armour           Summ/Erth      Unusable   N/A       N/A         4

Dungeon Overview and Level Annotations

Branches:
Dungeon (3/15)

Altars:
Zin

Shops:
D:2 *


Innate Abilities, Weirdness & Mutations

You cannot wear most types of armour.
You are amphibious.
You can wear up to eight rings at the same time.
Your skin changes colour to match your surroundings (Stealth+).
Your rubbery body absorbs attacks. (AC +1, EV +1)
((You are camouflaged when in or above water. (Stealth+)))
You have tentacles for arms and can constrict up to eight enemies at once.


Message History

The gnoll shouts!
The silver boomerang hits the gnoll but does no damage.
The gnoll is lightly wounded.
Throw: 2 boomerangs (silver)
Press: ? - help, Q - select action, (/) - cycle Shift-Dir - straight line, f/p - gnoll
Aim: a gnoll, wielding a +0 spear (lightly wounded, 61% to hit)
You throw a silver boomerang. The gnoll shouts!
The silver boomerang hits the gnoll.
The gnoll is moderately wounded.
The gnoll misses you.
Throw: 2 boomerangs (silver)
Press: ? - help, Q - select action, (/) - cycle Shift-Dir - straight line, f/p - gnoll
Aim: a gnoll, wielding a +0 spear (moderately wounded, 61% to hit)
You throw a silver boomerang.
The silver boomerang barely misses the gnoll.
The silver boomerang barely misses the gnoll.
The gnoll completely misses you.
The gnoll hits you from afar with a +0 spear.
Throw: 2 boomerangs (silver)
Press: ? - help, Q - select action, (/) - cycle Shift-Dir - straight line, f/p - gnoll
Aim: a gnoll, wielding a +0 spear (moderately wounded, 61% to hit)
You throw a silver boomerang. The silver boomerang hits the gnoll.
The gnoll is severely wounded.
The gnoll hits you from afar with a +0 spear.
The gnoll closely misses you. The gnoll barely misses you.
The gnoll hits you from afar with a +0 spear.
Throw: 2 boomerangs (silver)
Press: ? - help, Q - select action, (/) - cycle Shift-Dir - straight line, f/p - gnoll
Aim: a gnoll, wielding a +0 spear (severely wounded, 61% to hit)
You throw a silver boomerang.
The silver boomerang barely misses the gnoll.
The gnoll hits you but does no damage.
The gnoll throws a throwing net.
The throwing net hits you.
You become entangled in the net!
The gnoll hits you from afar with a +0 spear.
* * * LOW HITPOINT WARNING * * *
You struggle against the net.
A kobold comes into view. It is wielding a +0 dagger.
The gnoll hits you from afar with a +0 spear!
You die...

###...#......# #........
#.......###..###.......#
#......)####...#...^...#
#......................#
#......###.........)...#
#......# #..##.........K
.......# #.###....g.....
..###.## #.# #....g.....
..# #..# #.# ##.@gg.....
### ##.###.# #......?.#
#.##..# #.#.......
#..#.## #.#.......
##.#.# #.#....... #...#
#.#....... ##### #.
....!.. #. .......


You could see 4 gnolls and a kobold (wandering).

Vanquished Creatures
  An ufetubus (D:2)
  2 worms
  A dart slug (D:2)
  An orc (D:2)
  3 endoplasms
  4 goblins
  3 hobgoblins
  A quokka (D:1)
  3 ball pythons
  3 bats
  4 frilled lizards
  3 kobolds
  7 rats
36 creatures vanquished.

Notes
Turn   | Place    | Note
-------+----------+-------------------------------------------
     0 | D:1      | GrindonB the Octopode Venom Mage began the quest for the
                  | Orb.
     0 | D:1      | Reached XP level 1. HP: 11/11 MP: 3/3
   358 | D:1      | Reached skill level 3 in Stealth
   601 | D:1      | Reached XP level 2. HP: 13/17 MP: 5/5
   685 | D:1      | Found a faded altar of an unknown god.
   695 | D:1      | Prayed at the altar of an unknown god.
   695 | D:1      | Became a worshipper of Zin the Law-Giver
   695 | D:1      | Reached * piety under Zin
  1031 | D:1      | You fall into a shaft and drop 1 floor!
  1204 | D:2      | Reached XP level 3. HP: 21/21 MP: 6/6
  1428 | D:2      | Reached ** piety under Zin
  1533 | D:2      | Found Gasmaf's General Store.
  1896 | D:2      | Reached skill level 4 in Stealth
  2193 | D:3      | Slain by a gnoll

Illustrated notes

Levels and vault maps discovered:
D:1:      amcnicky_arrival_gap_in_the_tavern_cellar, layout_basic,
          dreamdust_ecumenical_altar_statues, due_unseen_surprise
D:2:      layout_loops_ring, serial_shops, shop, kennysheep_generic_room_3
D:3:      layout_rooms, nicolae_shop_vocational, uniq_jessica

Skill      XL: |  1  2  3 |
---------------+----------+-----
Stealth        | 3 4 |  4.0
Fighting       | |  0.5
Short Blades   | |  0.6
Dodging        | |  2.3
Unarmed Combat | |  0.1
Spellcasting   | |  2.2
Transmutations | |  1.2
Poison Magic   | |  3.9

Action                     || total
---------------------------++-------
  Melee: Whip              ||     7
         Unarmed           ||     6
         Short sword       ||    45
         Constrict         ||    15
         Tentacles         ||    15
  Throw: Boomerang         ||    12
   Cast: Sting             ||     6
    Use: Scroll            ||     2
         Potion            ||     1
   Stab: Sleeping          ||    11
 Armour: Skin              ||     5
  Dodge: Dodged            ||    37
